 Dungeon Crawl Stone Soup version 0.22-b1-21-g5cfc1688f2 (webtiles) character file.

606 IceCat the Cudgeler (level 7, -5/44 HPs)
             Began as a Gargoyle Fighter on Aug 8, 2018.
             Killed by divine providence
             ... invoked by an orc priest
              (10 damage)
             ... on level 4 of the Dungeon.
             The game lasted 00:08:27 (2875 turns).

IceCat the Cudgeler (Gargoyle Fighter)              Turns: 2875, Time: 00:08:28

Health: -5/44      AC: 13    Str: 21    XL:     7   Next: 42%
Magic:  0/7        EV:  8    Int:  9    God:
Gold:   219        SH:  9    Dex:  9    Spells: 6/6 levels left

rFire    . . .     SeeInvis .   a - +0 flail
rCold    . . .     Gourm    .   c - +0 shield
rNeg     + . .     Faith    .   b - +0 scale mail
rPois    ∞         Spirit   +   (no helmet)
rElec    +         Reflect  .   t - scarf {Spirit}
rCorr    .         Harm     .   (no gloves)
MR       .....                  p - +0 pair of boots
Stlth    ..........             (no amulet)
HPRegen  0.14/turn              (no ring)
MPRegen  0.10/turn              (no ring)

@: no status effects
A: negative energy resistance 1, electricity resistance, unbreathing,
petrification resistance, rot immunity, AC +4
a: no special abilities


You were on level 4 of the Dungeon.
You were not hungry.

You visited 1 branch of the dungeon, and saw 4 of its levels.

You collected 219 gold pieces.

Inventory:

Hand Weapons
 a - a +0 flail (weapon)
Armour
 b - a +0 scale mail (worn)
 c - a +0 shield (worn)
 p - a +0 pair of boots (worn)
 t - a scarf of spirit shield (worn)
Scrolls
 e - 3 scrolls of identify {unknown}
 h - a scroll of enchant weapon {unknown}
 j - 4 scrolls of teleportation {unknown}
 n - a scroll of fear {unknown}
 o - 2 scrolls of magic mapping {unknown}
 s - a scroll of enchant armour {unknown}
 u - a scroll of remove curse {unknown}
 w - a scroll of amnesia {unknown}
Potions
 d - 2 potions of might
 g - a potion of agility {unknown}
 i - 2 potions of lignification {unknown}
 k - a potion of mutation {unknown}
 l - 2 potions of brilliance {unknown}
 q - 2 potions of curing {unknown}
 r - a potion of heal wounds {unknown}
 v - a potion of degeneration {unknown}
Comestibles
 f - 6 rations
 m - 6 chunks of flesh


   Skills:
 + Level 4.7 Fighting
 * Level 6.0 Maces & Flails
 + Level 4.1 Armour
 - Level 1.0 Dodging
 + Level 4.7 Shields


You had 6 spell levels left.
You didn't know any spells.
Your spell library was empty.

Dungeon Overview and Level Annotations

Branches:
Dungeon (4/15)
 Temple: D:4-7

Altars:


Innate Abilities, Weirdness & Mutations

You are resistant to torment.
Your stone body is resilient. (AC +4)
You are immune to poison.
You resist negative energy. (rN+)
You are resistant to electric shocks. (rElec)
You can survive without breathing.
You are immune to petrification.
You are immune to rotting.


Message History

You are too injured to fight recklessly!
You are too injured to fight recklessly!
You are too injured to fight recklessly!
You are too injured to fight recklessly!
You are too injured to fight recklessly!
You are too injured to fight recklessly!
You are too injured to fight recklessly!
You are too injured to fight recklessly!
You are too injured to fight recklessly!
You are too injured to fight recklessly!
You are too injured to fight recklessly!
You are too injured to fight recklessly!
You are too injured to fight recklessly!
The orc priest invokes the aid of Beogh against you.
Beogh smites you!
* * * LOW HITPOINT WARNING * * *
The orc priest hits you but does no damage.
The orc priest invokes the aid of Beogh against you.
Beogh smites you!
You die...

##.#####..####.
..........o..... .
..............# .
....../......#
.............#
#....>..oo.#
#.........##
#.....††#.#
...##.@.## ##
##....# #..##.....
#÷## ###.# ### #.#
.. #.. #.#
#.###### # #.# #.#
#......# #.# #.#
######.########.#
#.#
####........#.####


You could see 2 orc priests.

Vanquished Creatures
  An ogre (D:4)
  A scorpion (D:4)
  2 howler monkeys (D:4)
  An orc wizard (D:4)
  3 hounds
  2 orc priests
  A worker ant (D:3)
  6 adders
  4 oozes
  An adder skeleton (D:4)
  3 worms
  2 dart slugs
  6 leopard geckos
  9 orcs
  5 giant cockroaches
  10 goblins
  10 hobgoblins
  12 kobolds
  3 quokkas (D:2)
  4 ball pythons
  7 bats
  11 frilled lizards
  6 rats
110 creatures vanquished.

Vanquished Creatures (others)
  A giant cockroach (D:1)
  2 kobolds (D:1)
3 creatures vanquished.

Grand Total: 113 creatures vanquished

Notes
Turn   | Place    | Note
-------+----------+-------------------------------------------
     0 | D:1      | IceCat the Gargoyle Fighter began the quest for the Orb.
     0 | D:1      | Reached XP level 1. HP: 14/14 MP: 1/1
    54 | D:1      | Reached XP level 2. HP: 18/19 MP: 2/2
   246 | D:1      | Reached XP level 3. HP: 23/24 MP: 3/3
   986 | D:2      | Reached XP level 4. HP: 24/29 MP: 4/4
  1061 | D:2      | Reached skill level 3 in Maces & Flails
  1227 | D:3      | Reached XP level 5. HP: 28/33 MP: 5/5
  1644 | D:3      | Reached skill level 4 in Maces & Flails
  1737 | D:3      | Reached skill level 1 in Dodging
  2137 | D:3      | Reached XP level 6. HP: 38/38 MP: 6/6
  2416 | D:4      | Reached skill level 5 in Maces & Flails
  2732 | D:4      | Reached XP level 7. HP: 36/44 MP: 5/7
  2857 | D:4      | Reached skill level 6 in Maces & Flails
  2875 | D:4      | Killed from afar by an orc priest

Skill      XL: |  1  2  3  4  5  6  7 |
---------------+----------------------+-----
Fighting       | 4 |  4.7
Maces & Flails | 3 4 5 6 |  6.0
Shields        | 4 |  4.7
Dodging        | 1 |  1.0
Armour         | 4 |  4.1

Action                   |  1- 3 |  4- 6 |  7- 9 || total
-------------------------+-------+-------+-------++-------
Melee: Flail             |   138 |   272 |    45 ||   455
  Eat: Chunk             |       |     7 |       ||     7
Armor: Scale mail        |    92 |   145 |    22 ||   259
Dodge: Dodged            |    60 |   107 |    24 ||   191
Block: Shield            |    72 |   167 |    17 ||   256
